Map: Automaton LE

Players

ParkwayDMD - Winner!

  • Race: Zerg Zerg
  • League: Platinum
  • Spawn Location: 3:00

VOD

Have the link to the VOD?

Description

Time

  • Played on: May 15, 2019, 10:25 a.m.
  • Length: 10:45
Show
View Real Time Build Order
Export as new Build Order

ParkwayDMD Zerg - Winner!

Build Orders:  

Get SALT Encoding   

  12  0:26  Spawning Pool  
  11  0:32  Drone  
  11  0:39  Drone  
  13  0:45  Drone  
  14  1:01  Overlord  
  14  1:33  Zergling x2  
  14  1:34  Zergling x4  
  17  1:49  Zergling x2  
  18  2:01  Hatchery  
  18  2:06  Zergling x2  
  18  2:19  Zergling x2  
  19  2:27  Queen  
  21  2:34  Drone  
  22  2:41  Extractor  
  21  2:53  Drone  
  22  3:04  Overlord  
  22  3:29  Queen  
  24  3:35  Drone  
  25  3:43  Drone  
  25  3:44  Drone  
  26  3:50  Drone  
  26  4:01  Queen  
  26  4:16  Drone  
  26  4:17  Drone x2  
  28  4:29  Drone x2  
  29  4:36  Drone  
  30  4:40  Drone  
  30  4:41  Drone  
  32  5:07  Drone  
  32  5:08  Drone  
  34  5:10  Overlord x2  
  34  5:23  Drone x2  
  36  5:40  Evolution Chamber  
  36  5:42  Evolution Chamber, Drone x2  
  36  5:47  Lair  
  36  5:55  Roach Warren  
  35  6:01  Drone  
  35  6:02  Drone x2  
  35  6:04  Drone  
  39  6:16  Extractor  
  39  6:19  Drone x2  
  40  6:20  Drone  
  40  6:21  Drone, Extractor  
  40  6:27  Zerg Missile Weapons Level 1  
  41  6:33  Drone x2  
  41  6:37  Drone  
  41  6:39  Drone  
  45  6:52  Drone  
  45  6:53  Drone  
  45  6:55  Drone x2  
  45  6:57  Roach  
  51  7:00  Overlord  
  51  7:05  Overlord  
  51  7:11  Glial Reconstitution  
  51  7:24  Overlord x2  
  51  7:26  Roach  
  51  7:28  Roach  
  55  7:33  Roach  
  57  7:44  Roach  
  57  7:45  Roach x2  
  57  7:46  Roach  
  65  7:52  Roach  
  65  7:53  Roach  
  65  7:57  Roach  
  71  8:14  Roach  
  73  8:20  Hatchery  
  73  8:22  Queen  
  73  8:24  Roach  
  76  8:34  Roach  
  76  8:35  Roach x2  
  82  8:40  Overlord  
  82  8:45  Overlord  
  82  8:53  Roach  
  84  9:26  Roach  
  84  9:27  Roach  
  84  9:28  Drone x8  
  96  9:46  Roach x2  
  96  9:47  Overlord  
Tags
 
Add a new tag
Caveats
  • Supply blocks, unpowered buildings, or Contaminate may cause inaccurate times.
  • Supply counts are checked every 10 seconds.